 Dungeon Crawl Stone Soup version 0.24-a0-165-g1b465fe (webtiles) character file.

Game seed: 12533033571870557782

457 Dfrag the Grave Robber (level 6, 0/49 HPs)
             Began as a Deep Dwarf Necromancer on Mar 7, 2019.
             Killed by divine providence
             ... invoked by an orc priest
              (12 damage)
             ... on level 4 of the Dungeon.
             The game lasted 00:07:46 (3769 turns).

Dfrag the Grave Robber (Deep Dwarf Necromancer)     Turns: 3769, Time: 00:07:47

Health: 0/49       AC:  2    Str: 12    XL:     6   Next: 77%
Magic:  0/12       EV: 12    Int: 17    God:
Gold:   129        SH:  0    Dex: 13    Spells: 11/15 levels left

rFire    . . .     SeeInvis .   n - +0 dagger (venom)
rCold    . . .     Gourm    +   (no shield)
rNeg     . . .     Faith    .   a - +0 robe
rPois    +         Spirit   .   (no helmet)
rElec    .         Reflect  .   (no cloak)
rCorr    .         Harm     .   (no gloves)
MR       .....                  (no boots)
Stlth    ++........             g - amulet of the gourmand
HPRegen  0.00/turn              t - ring of poison resistance
MPRegen  0.13/turn              (no ring)

@: very slightly contaminated, non-regenerating
A: damage resistance, heal wounds, sense surroundings 1, no regeneration
a: Heal Wounds


You were on level 4 of the Dungeon.
You were very full.

You visited 1 branch of the dungeon, and saw 4 of its levels.

You collected 129 gold pieces.

Inventory:

Hand Weapons
 j - a +0 hand axe
 n - a +0 dagger of venom (weapon)
 w - a +2 whip of flaming
Missiles
 k - 122 stones (quivered)
Armour
 a - a +0 robe (worn)
 q - a +4 chain mail of cold resistance
Jewellery
 g - an amulet of the gourmand (around neck)
 t - a ring of poison resistance (left hand)
Wands
 i - a wand of random effects (7)
 o - a wand of polymorph (9)
Scrolls
 b - 3 scrolls of identify {unknown}
 d - 3 scrolls of teleportation {unknown}
 e - 2 scrolls of amnesia {unknown}
 f - a scroll of magic mapping {unknown}
 l - a scroll of immolation {unknown}
 r - a scroll of fog {unknown}
Potions
 h - a potion of heal wounds
 m - a potion of curing {unknown}
 p - a potion of brilliance {unknown}
 s - a potion of berserk rage {unknown}
 u - a potion of flight {unknown}
Comestibles
 c - 5 rations


   Skills:
 - Level 2.1 Dodging
 - Level 2.4 Stealth
 * Level 5.1 Spellcasting
 + Level 6.2 Necromancy


You had 11 spell levels left.
You knew the following spells:

 Your Spells              Type           Power        Failure   Level  Hunger
a - Pain                  Necr           ####         1%          1    None
b - Vampiric Draining     Necr           ####......   3%          3    ###....

Your spell library contained the following spells:

 Spells                   Type           Power        Failure   Level  Hunger
 Animate Skeleton         Necr           N/A          1%          1    None
 Animate Dead             Necr           N/A          11%         4    ####...
 Regeneration             Chrm/Necr      Unusable     N/A         3    N/A

Dungeon Overview and Level Annotations

Branches:
Dungeon (4/15)
 Temple: D:4-7

Altars:
Dithmenos
Elyvilon
Fedhas
Hepliaklqana
Kikubaaqudgha
Uskayaw
Vehumet
Wu Jian
Xom
Yredelemnul
Beogh

Annotations:
D:4 Grinder; silenth's ghost, amateur DsMo


Innate Abilities, Weirdness & Mutations

You are resistant to damage.
You can heal yourself by infusing magical energy.
You passively map a small area around you.
You do not regenerate.


Message History

a +0 dagger; a +0 leather armour
Casting: Vampiric Draining (safe; 3% risk of failure)
Confirm with . or Enter, or press ? or * to list all spells.
Aiming: Vampiric Draining (safe; 3% risk of failure)
Press: ? - help, Shift-Dir - straight line, f - orc priest
Aim: an orc priest, wielding a +0 whip The orc priest is heavily wounded.
You feel life coursing into your body. The orc priest hits you with a +0 whip.
* * * LOW HITPOINT WARNING * * *
Unknown command.
Casting: Vampiric Draining (safe; 3% risk of failure)
Confirm with . or Enter, or press ? or * to list all spells.
Aiming: Vampiric Draining (safe; 3% risk of failure)
Press: ? - help, Shift-Dir - straight line, f/p - orc priest
Aim: an orc priest, wielding a +0 whip (heavily wounded)
You kill the orc priest!
You feel life coursing into your body.
The orc priest mumbles some strange prayers to Beogh against you.
Beogh smites you!
You die...

### #############
#.#############......##...##
##...........................
#..###....####...............
##.##
#....####...............
##..#
#######8#.............##
###...##
8.....#.##.>..#....####
.......##..##..#.#######..###
........#..8#..#@# #..##
#######.#..##..#W######..#
###....#o#.##.>...####
*...o#ooo..........#
*_.8.#.'...........#
*[...#.'..........##
....#.#.........## #
..##..#........## ####
..8#..#......### ####...


You could see an orc priest, silenth's ghost and 3 orcs.

Vanquished Creatures
  3 vampire bats (D:4)
  An orc priest (D:4)
  Ijyb (D:3)
  Jessica (D:3)
  11 gnolls
  4 adders
  2 oozes
  5 worms
  2 dart slugs
  4 leopard geckos
  3 orcs
  A ball python (D:1)
  12 bats
  3 bat skeletons (D:4)
  3 bat zombies (D:4)
  3 giant cockroaches
  10 goblins
  4 hobgoblins
  9 kobolds
  A quokka (D:3)
  6 frilled lizards
  2 gnoll zombies (D:3)
  8 rats
99 creatures vanquished.

Notes
Turn   | Place    | Note
-------+----------+-------------------------------------------
     0 | D:1      | Dfrag the Deep Dwarf Necromancer began the quest for the
                  | Orb.
     0 | D:1      | Reached XP level 1. HP: 15/15 MP: 3/3
   155 | D:1      | Reached XP level 2. HP: 22/22 MP: 0/5
   424 | D:1      | Reached XP level 3. HP: 3/28 MP: 3/6
   429 | D:1      | Learned a level 3 spell: Vampiric Draining
   552 | D:1      | HP: 1/28 [kobold/+0 club (2)]
   920 | D:2      | Found a shadowy altar of Dithmenos.
   962 | D:2      | Found a white marble altar of Elyvilon.
  1017 | D:2      | Found an ornate altar of the Wu Jian Council.
  1101 | D:2      | Found a shimmering altar of Xom.
  1325 | D:2      | Reached skill level 5 in Necromancy
  1333 | D:2      | Reached XP level 4. HP: 26/36 MP: 1/8
  1437 | D:2      | Found a hide-covered altar of Uskayaw.
  1592 | D:2      | Found a radiant altar of Vehumet.
  1922 | D:3      | Noticed Ijyb
  1946 | D:3      | Killed Ijyb
  1946 | D:3      | Reached XP level 5. HP: 32/42 MP: 5/10
  2116 | D:3      | Found a basalt altar of Yredelemnul.
  2291 | D:3      | Noticed Jessica
  2300 | D:3      | Killed Jessica
  2621 | D:4      | Found a blossoming altar of Fedhas.
  2767 | D:4      | Found an ancient bone altar of Kikubaaqudgha.
  2791 | D:4      | Reached XP level 6. HP: 30/49 MP: 12/12
  2839 | D:4      | Reached skill level 6 in Necromancy
  2975 | D:4      | Noticed Grinder
  2988 | D:4      | Paralysed by Grinder for 3 turns
  3023 | D:4      | Paralysed by Grinder for 3 turns
  3133 | D:4      | Found a hazy altar of Hepliaklqana.
  3254 | D:4      | Found a runed translucent gate.
  3254 | D:4      | Found a runed translucent gate.
  3254 | D:4      | Found a runed translucent gate.
  3258 | D:4      | Identified the +3 scale mail "Cann" {Int+2}
  3258 | D:4      | Noticed silenth's ghost (amateur DsMo)
  3338 | D:4      | Reached skill level 5 in Spellcasting
  3651 | D:4      | Paralysed by Grinder for 3 turns
  3745 | D:4      | Found a roughly hewn altar of Beogh.
  3769 | D:4      | Killed from afar by an orc priest

Levels and vault maps discovered:
D:1:      minmay_arrival_wavy_path, layout_basic
D:2:      layout_basic, marbit_many_paths, xom_butterflies,
          lemuel_coloured_pillars_altar, vehumet_crystals,
          grunt_dithmenos_smoke, elyvilon_altar_4
D:3:      layout_loops_ring, lemuel_zombie_altar_yredelemnul, first_ration,
          uniq_ijyb, uniq_jessica
D:4:      layout_cave_pods, lemuel_crystal_altar, fedhas_altar_4,
          kennysheep_vampire_church, biasface_ghost_orc_armoury, uniq_grinder

Skill      XL: |  1  2  3  4  5  6 |
---------------+-------------------+-----
Spellcasting   | 2 3 4 5 |  5.1
Necromancy     | 5 6 |  6.2
Dodging        | |  2.1
Stealth        | |  2.4

Action                   |  1- 3 |  4- 6 || total
-------------------------+-------+-------++-------
Melee: Unarmed           |    42 |    12 ||    54
       Hand axe          |     6 |    61 ||    67
       Dagger            |       |    74 ||    74
 Cast: Pain              |    54 |    16 ||    70
       Vampiric Draining |    10 |    37 ||    47
 Abil: Heal Wounds       |       |     4 ||     4
Evoke: Wand              |       |    14 ||    14
  Use: Potion            |       |     2 ||     2
 Stab: Sleeping          |     1 |     3 ||     4
       Paralysed         |       |    12 ||    12
  Eat: Chunk             |     1 |    25 ||    26
Armor: Robe              |    10 |    62 ||    72
       Skin              |       |     7 ||     7
Dodge: Dodged            |    45 |   140 ||   185

Table legend:
 A = Non-vault XP
 B = Vault XP
 C = Vault XP percentage of total XP
 D = Non-vault monster count
 E = Vault monster count
 F = Vault count percentage of total count
                 A         B        C        D         E       F
            +---------+---------+-------+---------+---------+-------
      Total |     348 |     305 |  46.7 |      83 |      16 |  16.2
            +---------+---------+-------+---------+---------+-------
        D:1 |      55 |       0 |   0.0 |      29 |       0 |   0.0
        D:2 |      85 |       7 |   7.6 |      19 |       1 |   5.0
        D:3 |      53 |      77 |  59.2 |      19 |       4 |  17.4
        D:4 |     155 |     221 |  58.8 |      16 |      11 |  40.7
            +---------+---------+-------+---------+---------+-------
